AoeStats
← AloneArcher

Arabia

509457492Analyzed
1v1 RM · 6d ago on Sep 26, 2026· 138m 36s· 2 players
Game mode
Random Map
Map size
Tiny (2 player)
Population
200
Speed
Normal
Resources
Standard
Victory
Conquest
Starting age
Dark Age
Ending age
Imperial Age
RankedLock teamsTeams togetherTeam positionsShared explorationLock speedFull tech treeHidden civsTurbo modeCheats
Victory
Defeat
🇨🇦 Mongols · Canada
763
+17
🇹🇷 Turks · Türkiye
785
-17
Morino01
8:04 Loom
9:50 Feudal Age
11:01 Double-Bit Axe
10:58 Horse Collar
14:10 Gold Mining
19:43 Castle Age
21:37 Gold Shaft Mining
21:14 Bow Saw
21:07 Heavy Plow
22:48 Stone Mining
27:17 Fletching
27:27 Padded Archer Armor
31:10 Imperial Age
30:45 Nomads
30:54 Bodkin Arrow
31:14 Leather Archer Armor
31:02 Scale Mail Armor
30:26 Pikeman
31:10 Squires
32:46 Elite Mangudai
33:47 Bracer
36:50 Ballistics
37:40 Chemistry
37:24 Wheelbarrow
36:35 Town Watch
39:01 Drill
40:58 Capped Ram
42:00 Forging
42:06 Chain Mail Armor
42:12 Siege Ram
47:50 Iron Casting
47:46 Plate Mail Armor
47:40 Conscription
52:04 Blast Furnace
51:10 Scale Barding Armor
53:14 Bloodlines
52:30 Light Cavalry
53:40 Hussar
60:32 Onager
69:02 Guard Tower
69:23 Masonry
69:09 Murder Holes
69:25 Fortified Wall
69:15 Elite Steppe Lancer
71:20 Hand Cart
71:07 Town Patrol
86:13 Husbandry
AloneArcher
12:23 Feudal Age
13:36 Horse Collar
13:43 Double-Bit Axe
20:46 Castle Age
19:09 Gold Mining
19:10 Stone Mining
21:41 Bow Saw
21:42 Heavy Plow
24:54 Gold Shaft Mining
28:49 Wheelbarrow
31:22 Imperial Age
33:28 Two-Man Saw
35:50 Hand Cart
35:21 Town Watch
35:22 Loom
36:52 Conscription
37:18 Fletching
37:28 Padded Archer Armor
37:34 Scale Barding Armor
37:29 Scale Mail Armor
37:39 Forging
36:59 Elite Janissary
37:36 Heavy Camel Rider
39:10 Leather Archer Armor
42:27 Bombard Tower
43:13 Ring Archer Armor
43:38 Bodkin Arrow
58:04 Chain Barding Armor
57:45 Bracer
58:00 Chain Mail Armor
58:20 Squires
58:05 Arson
59:51 Bloodlines
68:23 Arrowslits
72:31 Plate Barding Armor
72:33 Iron Casting
76:38 Plate Mail Armor
77:09 Blast Furnace
80:25 Heavy Scorpion
81:49 Capped Ram
93:33 Man-at-Arms
94:22 Long Swordsman
Connection lost

Rejoining the realm…

Still unreachable

The connection could not be restored.

Session expired

The server has moved on; the page needs a fresh start.